 Dungeon Crawl Stone Soup version 0.14-a0-3315-g09e681a (webtiles) character file.

444 Kae the Cleaver (level 6, -2/51 HPs)
             Began as a Hill Orc Fighter on Mar 15, 2014.
             Slain by an ogre
             ... wielding a +0,+0 giant club
              (27 damage)
             ... on Level 4 of the Dungeon.
             The game lasted 00:02:57 (2947 turns).

Kae the Cleaver (Hill Orc Fighter)                  Turns: 2947, Time: 00:02:57

HP  -2/51        AC  6     Str 21      XL: 6   Next: 34%
MP   6/6         EV  6     Int  8      God:
Gold 150         SH 18     Dex 10      Spells:  0 memorised,  5 levels left

rFire  . . .     SeeInvis .     a - +0 war axe
rCold  . . .     Clarity  .     b - +0 scale mail
rNeg   . . .     Conserve .     c - +0 shield
rPois  .         rCorr    .     (no helmet)
rElec  .         rRot     .     (no cloak)
SustAb . .       Spirit   .     (no gloves)
rMut   .         Warding  .     (no boots)
Saprov + . .     Stasis   .     (no amulet)
MR     .....                    (no ring)
                                (no ring)

@: not resistant to hostile enchantments, extremely unstealthy
A: saprovore 1
a: no special abilities


You were on level 4 of the Dungeon.
You were not hungry.

You visited 1 branch of the dungeon, and saw 4 of its levels.

You collected 150 gold pieces.

Inventory:

Hand weapons
 a - a +0,+0 war axe (weapon)
Missiles
 y - 4 darts of frost (quivered)
Armour
 b - a +0 scale mail (worn)
 c - a +0 shield (worn)
Comestibles
 d - 3 meat rations
 j - an apricot
 p - 2 bread rations
Scrolls
 f - a scroll of enchant weapon II {unknown}
 h - a scroll of recharging {unknown}
 i - a scroll of amnesia {unknown}
 k - a scroll of magic mapping {unknown}
 m - 2 scrolls of teleportation {unknown}
 o - 2 scrolls of immolation {unknown}
 q - 4 scrolls of identify {unknown}
 s - 2 scrolls of remove curse {unknown}
 u - a scroll of enchant weapon I {unknown}
 v - a scroll of enchant armour {unknown}
 x - a scroll of random uselessness {unknown}
Jewellery
 r - an uncursed amulet of the gourmand {unknown}
 z - an uncursed amulet of guardian spirit {unknown}
Potions
 e - a potion of might
 g - a potion of restore abilities {unknown}
 l - a potion of lignification {unknown}
 n - a potion of beneficial mutation {unknown}
 t - 2 potions of resistance {unknown}
 w - a potion of confusion {unknown}


   Skills:
 - Level 3.6 Fighting
 + Level 8.6 Axes
 - Level 3.2 Armour
 - Level 3.2 Shields


You had 5 spell levels left.
You didn't know any spells.

Dungeon Overview and Level Annotations

Branches:
Dungeon (4/15)
 Temple: D:4-7

Altars:
Fedhas

Shops:
D:4 !


Innate Abilities, Weirdness & Mutations

You can tolerate rotten meat.


Message History

You spend a moment contemplating the meaning of life.
Found a flail.
s - 2 scrolls labeled THRAKI THI HESSALA (gained 1)
You spend a moment contemplating the meaning of life.
There is a stone staircase leading down here.
z - a square copper amulet You spend a moment contemplating the meaning of life.
An ogre comes into view. It is wielding a giant club.
The ogre shouts!
You spend a moment contemplating the meaning of life.
An ogre is nearby!
You hit the ogre.
The ogre is lightly wounded.
The ogre hits you with a giant club!
Ouch! That really hurt!
You barely miss the ogre.
The ogre is lightly wounded.
The ogre hits you with a giant club!
Ouch! That really hurt!
You die...

#.# #.# ############ #.#
#..........### #.#
#.#...........
#.###.#.######.##.
##.#.#.#.# #.##. ....#.#.#
#.##. #O#.#.#.# #.##.
#@#.#.#.# #.##.
#.#.#.#.######.##.
#.#.#.#.#.........
##.#...#.#......###
#............#####.
###.%.......>..)...
####.########.#####.
#.................#
##########.##.########.###.#


You could see an ogre.

Vanquished Creatures
  Duvessa (D:4)
  2 orc priests (D:3)
  3 adders
  4 gnolls (D:3)
  3 worms
  2 giant geckos (D:1)
  6 orcs (D:3)
  3 ball pythons
  4 bats
  A giant cockroach (D:3)
  7 goblins
  10 hobgoblins
  4 jackals (D:2)
  9 kobolds
  2 quokkas (D:3)
  3 giant newts
  9 rats
73 creatures vanquished.

Notes
Turn   | Place    | Note
--------------------------------------------------------------
     0 | D:1      | Kae, the Hill Orc Fighter, began the quest for the Orb.
     0 | D:1      | Reached XP level 1. HP: 19/19 MP: 1/1
   122 | D:1      | Reached XP level 2. HP: 26/26 MP: 2/2
   237 | D:1      | Reached skill level 4 in Axes
   653 | D:1      | Reached XP level 3. HP: 27/31 MP: 3/3
  1210 | D:2      | Reached skill level 5 in Axes
  1342 | D:2      | Reached XP level 4. HP: 33/39 MP: 4/4
  1615 | D:3      | Reached skill level 6 in Axes
  1893 | D:3      | Reached XP level 5. HP: 30/45 MP: 5/5
  2174 | D:3      | Found a blossoming altar of Fedhas.
  2252 | D:3      | Reached skill level 7 in Axes
  2587 | D:4      | Noticed Duvessa
  2602 | D:4      | Killed Duvessa
  2602 | D:4      | Reached skill level 8 in Axes
  2602 | D:4      | Reached XP level 6. HP: 24/51 MP: 6/6
  2892 | D:4      | Found Grualowny's Distillery.
  2941 | D:4      | Noticed an ogre
  2947 | D:4      | Slain by an ogre

Action                   |  1- 3 |  4- 6 || total
-------------------------+-------+-------++-------
Melee: War axe           |   116 |   112 ||   228
